 Dungeon Crawl Stone Soup version 0.23-a0-419-g0174fd8 (webtiles) character file.

107 AymanAU the Chopper (level 4, 0/39 HPs)
             Began as a Minotaur Fighter on Nov 11, 2018.
             Killed from afar by an orc wizard (5 damage)
             ... with a puff of flame
             ... on level 3 of the Dungeon.
             The game lasted 00:03:23 (1786 turns).

AymanAU the Chopper (Minotaur Fighter)              Turns: 1786, Time: 00:03:24

Health: 0/39       AC:  6    Str: 27    XL:     4   Next: 57%
Magic:  3/3        EV:  7    Int:  5    God:
Gold:   72         SH:  0    Dex:  9    Spells: 3/3 levels left

rFire    . . .     SeeInvis .   q - +1 whip (venom)
rCold    . . .     Gourm    .   c - +0 shield
rNeg     . . .     Faith    .   b - +0 scale mail
rPois    .         Spirit   .   (helmet restricted)
rElec    .         Reflect  .   (no cloak)
rCorr    .         Harm     .   (no gloves)
MR       .....                  (no boots)
Stlth    ..........             (no amulet)
HPRegen  0.13/turn              (no ring)
MPRegen  0.08/turn              (no ring)

@: confused, mighty
A: retaliatory headbutt, horns 2
a: no special abilities


You were on level 3 of the Dungeon.
You were not hungry.

You visited 1 branch of the dungeon, and saw 3 of its levels.

You collected 72 gold pieces.

Inventory:

Hand Weapons
 a - a +0 war axe
 q - a +1 whip of venom (weapon)
Missiles
 h - 42 arrows
 j - 41 stones (quivered)
Armour
 b - a +0 scale mail (worn)
 c - a +0 shield (worn)
Scrolls
 e - a scroll of fear {unknown}
 i - a scroll of enchant armour {unknown}
 k - 3 scrolls of remove curse {unknown}
 l - a scroll of teleportation {unknown}
 m - 3 scrolls of identify {unknown}
 n - a scroll of random uselessness {unknown}
 p - a scroll of magic mapping {unknown}
 r - a scroll of immolation {unknown}
Potions
 o - a potion of curing {unknown}
Comestibles
 f - 6 rations
 g - 4 chunks of flesh


   Skills:
 - Level 3.6 Fighting
 + Level 5.9 Axes
 - Level 3.6 Armour
 - Level 3.6 Shields


You had 3 spell levels left.
You didn't know any spells.
Your spell library was empty.

Dungeon Overview and Level Annotations

Branches:
Dungeon (3/15)

Altars:
Fedhas
Gozag
Ru
Zin


Innate Abilities, Weirdness & Mutations

You reflexively headbutt those who attack you in melee.
You have a pair of horns on your head.


Message History

Reactivating autopickup.
You feel a bit more experienced.
You hear some strange, mumbled words.
Deactivating autopickup; reactivate with Ctrl-A.
You are more confused.
The orc barely misses you.
You hear some strange, mumbled words.
A puff of flame appears from out of thin air!
The puff of flame hits you!
* * * LOW HITPOINT WARNING * * *
The orc hits you with a +0 hand axe.
* * * LOW HITPOINT WARNING * * *
You feel very mighty all of a sudden. The orc hits you with a cursed -3 mace.
* * * LOW HITPOINT WARNING * * *
Something hits you but does no damage. The orc completely misses you.
You hear some strange, mumbled words.
A puff of flame appears from out of thin air!
The puff of flame hits you!
You die...

#_ ##.# #... ..
##...## .# ##
#.....# .. .#
##.....### . .#
!...8...(### .#.#
. #..@...###..#
... ##8..)...'..#
.....#.o.o..###..#
#....8)...####...#
###.....### #...#
#.....# #...#
##...## #..)# #...
#...#
##.########...#


You could see 2 orcs.

Vanquished Creatures
  An orc wizard (D:3)
  An adder (D:2)
  An ooze (D:1)
  3 worms
  5 dart slugs (D:2)
  2 leopard geckos
  An orc (D:3)
  6 bats
  4 giant cockroaches
  4 goblins
  5 hobgoblins
  6 kobolds
  4 frilled lizards
  4 rats
47 creatures vanquished.

Notes
Turn   | Place    | Note
-------+----------+-------------------------------------------
     0 | D:1      | AymanAU the Minotaur Fighter began the quest for the Orb.
     0 | D:1      | Reached XP level 1. HP: 19/19 MP: 0/0
   177 | D:1      | Reached skill level 3 in Axes
   196 | D:1      | Reached XP level 2. HP: 26/26 MP: 1/1
   339 | D:1      | Reached skill level 4 in Axes
   429 | D:1      | Reached XP level 3. HP: 27/31 MP: 2/2
  1035 | D:2      | Reached skill level 5 in Axes
  1336 | D:2      | Reached XP level 4. HP: 34/39 MP: 3/3
  1588 | D:2      | Found a glowing silver altar of Zin.
  1589 | D:2      | Found an opulent altar of Gozag.
  1765 | D:3      | Found a blossoming altar of Fedhas.
  1785 | D:3      | HP: 5/39 [orc/cursed -3 mace (3)]
  1786 | D:3      | Found a sacrificial altar of Ru.
  1786 | D:3      | Killed from afar by an orc wizard

Vault maps used:
D:1:      grunt_arrival_lava_bath
D:2:      grunt_temple_overflow_gold_and_silver, nicolae_overflow_hidden_temple,
          first_ration
D:3:      kennysheep_slug_shrine, lemuel_round_altar,
          minmay_overflow_temple_star_quad, uniq_jessica

Skill      XL: |  1  2  3 |
---------------+----------+-----
Axes           | 3 4 5 |  5.9
Fighting       | |  3.6
Armour         | |  3.6
Shields        | |  3.6

Action                   |  1- 3 |  4- 6 || total
-------------------------+-------+-------++-------
Melee: War axe           |   102 |     1 ||   103
       Headbutt          |     7 |     3 ||    10
       Whip              |       |    24 ||    24
Throw: Stone             |     4 |       ||     4
  Use: Potion            |       |     1 ||     1
  Eat: Chunk             |     1 |     2 ||     3
Armor: Scale mail        |    46 |    11 ||    57
Dodge: Dodged            |    28 |     9 ||    37
Block: Shield            |    43 |     9 ||    52

Table legend:
 A = Non-vault XP
 B = Vault XP
 C = Vault XP percentage of total XP
 D = Non-vault monster count
 E = Vault monster count
 F = Vault count percentage of total count
                 A         B        C        D         E       F
            +---------+---------+-------+---------+---------+-------
      Total |     154 |       0 |   0.0 |      47 |       0 |   0.0
            +---------+---------+-------+---------+---------+-------
        D:1 |      41 |       0 |   0.0 |      22 |       0 |   0.0
        D:2 |      60 |       0 |   0.0 |      17 |       0 |   0.0
        D:3 |      53 |       0 |   0.0 |       8 |       0 |   0.0
            +---------+---------+-------+---------+---------+-------
